 Dungeon Crawl Stone Soup version 0.28-a0-1184-g53156a8862 (webtiles) character file.

Game seed: 12224385855931392962

186 fragbeetle the Ruffian (level 5, -15/40 HPs)
             Began as a Draconian Transmuter on Dec 18, 2021.
             Demolished by an ogre (27 damage)
             ... on level 4 of the Dungeon.
             The game lasted 00:06:38 (2509 turns).

fragbeetle the Ruffian (Draconian Transmuter)       Turns: 2509, Time: 00:06:39

Health: -15/40     AC:  5    Str: 14    XL:     5   Next: 38%
Magic:  8/8        EV: 12    Int: 14    God:
Gold:   132        SH:  0    Dex: 11    Spells: 4/8 levels left

rFire   . . .      SeeInvis .     - Unarmed
rCold   . . .      Faith    .   (no shield)
rNeg    . . .      Spirit   .   (armour unavailable)
rPois   .          Reflect  .   (helmet restricted)
rElec   .          Harm     .   (no cloak)
rCorr   .          Rampage  .   (no gloves)
Will    .....                   (no boots)
Stlth   +.........              (no amulet)
HPRegen 0.13/turn               (no ring)
MPRegen 0.11/turn               (no ring)

@: very slow
A: AC +5, unfitting armour, cold-blooded
a: no special abilities


You were on level 4 of the Dungeon.
You visited 1 branch of the dungeon, and saw 4 of its levels.

You collected 132 gold pieces.

Inventory:

Hand Weapons
 i - a +0 hunting sling
Missiles
 d - 186 stones
 f - 5 boomerangs
 l - 22 poisoned darts
Jewellery
 a - a ring of wizardry
Scrolls
 b - a scroll of fog {unknown}
 c - a scroll of teleportation {unknown}
 g - a scroll of vulnerability {unknown}
 h - a scroll of immolation {unknown}
 j - a scroll of noise {unknown}
 k - a scroll of magic mapping {unknown}
Potions
 e - 2 potions of lignification {unknown}


   Skills:
 - Level 1.1 Fighting
 + Level 3.1 Dodging
 + Level 4.0 Unarmed Combat
 - Level 2.0 Spellcasting
 + Level 3.3 Transmutations
 + Level 1.8 Poison Magic


You had 4 spell levels left.
You knew the following spells:

 Your Spells              Type           Power      Damage    Failure   Level
a - Beastly Appendage     Tmut           20%        N/A       6%          1
b - Spider Form           Tmut/Pois      8%         N/A       24%         3

Your spell library contained the following spells:

 Spells                   Type           Power      Damage    Failure   Level
 Wereblood                Tmut           10%        N/A       9%          2
 Ice Form                 Ice/Tmut       6%         N/A       75%         4


Dungeon Overview and Level Annotations

Branches:
Dungeon (4/15)
 Temple: D:4-7

Altars:
Kikubaaqudgha

Portals:
Sewer: D:4

Annotations:
D:4 Duvessa


Innate Abilities, Weirdness & Mutations

Your plain brown scales are hard. (AC +5)
You cannot fit into any form of body armour.
You are cold-blooded and may be slowed by cold attacks.


Message History

The bat hits you but does no damage.
Found a bubbling brown potion.
The bat barely misses you. x2
The bat misses you. The bat barely misses you. The bat hits you.
* * * LOW HITPOINT WARNING * * *
The bat closely misses you.
Found a halberd.
The ogre closely misses you. The bat hits you but does no damage.
The bat closely misses you. The bat barely misses you.
The bat closely misses you. The bat hits you.
* * * LOW HITPOINT WARNING * * *
The bat closely misses you. The bat closely misses you.
The bat hits you but does no damage. The bat hits you but does no damage.
A goblin comes into view. It is wielding a +0 dagger.
The goblin shouts!
The bat hits you.
* * * LOW HITPOINT WARNING * * *
The bat hits you but does no damage.
Duvessa says, "When magic and the sword combine, nothing stands against them."
Found a glowing drain.
The bat hits you but does no damage. The bat barely misses you.
The bat hits you but does no damage. The bat barely misses you.
Duvessa says, "Where magic fails, the sword succeeds!"
The bat hits you but does no damage. The bat hits you but does no damage.
The bat hits you but does no damage.
A ball python comes into view.
You enter the shallow water.
Moving in this stuff is going to be slow.
The ball python hisses angrily.
The bat misses you. The bat barely misses you.
You closely miss the ball python. The bat hits you but does no damage. x2
The ogre hits you with a +0 giant club!!
Ouch! That really hurt!
You die...

... .. ..##.. ##.....
####...... ###..#......
###########......)...#
#......go.eo........##
#.##≈≈O≈≈##...........
#≈@b≈≈##...........
#.≈≈.S...≈≈.#.........
#.≈≈.....≈≈......!....
#......∩..≈≈..##.......
#..≈≈.....≈≈..#........
#..≈≈≈....≈≈...........
#..##≈≈.≈w##≈..........
#.. #≈≈≈≈≈##...........
......##..?.....


You could see Duvessa, an ogre, a worm, 2 orcs, a goblin, a bat and a ball
python.

Vanquished Creatures
  An ogre (D:4)
  An iguana (D:4)
  An adder (D:2)
  2 worms
  2 dart slugs (D:1)
  5 orcs (D:4)
  4 endoplasms
  3 giant cockroaches
  6 goblins
  5 hobgoblins
  3 jackals (D:1)
  2 kobolds
  4 quokkas
  2 ball pythons
  6 bats
  2 frilled lizards
  2 rats (D:1)
51 creatures vanquished.

Notes
Turn   | Place    | Note
-------+----------+-------------------------------------------
     0 | D:1      | fragbeetle the Draconian Transmuter began the quest for the
                  | Orb.
     0 | D:1      | Reached XP level 1. HP: 16/16 MP: 3/3
   605 | D:1      | Reached XP level 2. HP: 23/23 MP: 1/5
  1205 | D:2      | Reached XP level 3. HP: 28/28 MP: 4/6
  1209 | D:2      | Learned a level 3 spell: Spider Form
  1414 | D:2      | Found a faded altar of an unknown god.
  2201 | D:3      | Found an ancient bone altar of Kikubaaqudgha.
  2288 | D:3      | Noticed a scorpion
  2373 | D:4      | Reached XP level 4. HP: 27/35 MP: 7/7
  2377 | D:4      | Noticed an ogre
  2381 | D:4      | Killed an ogre
  2382 | D:4      | Reached skill level 1 in Poison Magic
  2382 | D:4      | Reached XP level 5. HP: 32/40 MP: 8/8
  2420 | D:4      | Reached skill level 4 in Unarmed Combat
  2426 | D:4      | Noticed Duvessa
  2482 | D:4      | Noticed an ogre
  2500 | D:4      | Found a glowing drain.
  2509 | D:4      | Demolished by an ogre

Illustrated notes

Levels and vault maps discovered:
D:1:      minmay_arrival_doors, layout_loops_corners, minmay_statues_item,
          minmay_tetromino_l4
D:2:      layout_basic, chequers_ecumenical_altar_simple_redux,
          amcnicky_mini_corridor_feature
D:3:      layout_loops_ring, kiku_gazebo_pond_becter, minmay_misc_feat_enclosed
D:4:      layout_cave_pools, cheibrodos_sewer_entry_sluice,
          uniq_crazy_yiuf_cottage, uniq_duvessa

Skill      XL: |  1  2  3  4  5 |
---------------+----------------+-----
Dodging        | 2 3 |  3.1
Transmutations | 3 |  3.3
Poison Magic   | 1 |  1.8
Unarmed Combat | 4 |  4.0
Fighting       | |  1.1
Spellcasting   | |  2.0

Action                   |  1- 3 |  4- 6 || total
-------------------------+-------+-------++-------
Melee: Unarmed           |   106 |    24 ||   130
       Kick              |    26 |     5 ||    31
       Tailslap          |     7 |     2 ||     9
       Headbutt          |     9 |     2 ||    11
       Punch             |     1 |       ||     1
 Cast: Beastly Appendage |    29 |     2 ||    31
       Spider Form       |       |     1 ||     1
Evoke: Wand              |       |     3 ||     3
Armor: Skin              |    28 |    18 ||    46
Dodge: Dodged            |    71 |    32 ||   103

Table legend: (Time is in decaauts)
 A = Elapsed time spent in this place.
 B = Non-inter-level travel time spent in this place.
 C = Inter-level travel time spent in this place.
 D = Time resting spent in this place.
 E = Time spent auto-exploring this place.
 F = Levels seen in this place.
 G = Mean time per level.
                   A        B        C        D        E       F      G
               +--------+--------+--------+--------+--------+-----+--------+
         Total |   2501 |   2393 |    108 |      0 |   1725 |   4 |  625.2 |
       Dungeon |   2501 |   2393 |    108 |      0 |   1725 |   4 |  625.2 |
               +--------+--------+--------+--------+--------+-----+--------+

Top non-repeatable levels by time:
     D:1: 1064 daAuts
     D:2: 1002 daAuts
     D:3: 240 daAuts
     D:4: 194 daAuts
